 Dungeon Crawl Stone Soup version 0.21.1-1-g345015fe64 (webtiles) character file.

250440 NoAnimeNoLife the End of an Era (level 19, -37/170 HPs)
             Began as a Demonspawn Fighter on July 31, 2018.
             Was the Champion of Qazlal.
             Killed from afar by a deep elf annihilator (39 damage)
             ... with an iron shot
             ... on level 3 of the Elven Halls.
             The game lasted 02:42:45 (41045 turns).

NoAnimeNoLife the End of an Era (DsFi)             Turns: 41045, Time: 02:42:45

Health: -37/170    AC: 36    Str: 23    XL:     19   Next: 30%
Magic:  0/29       EV: 13    Int: 12    God:    Qazlal [******]
Gold:   804        SH: 17    Dex: 13    Spells: 18/18 levels left

rFire    . . .     SeeInvis .   a - +7 war axe "Daras" {freeze, rN+ Int+2}
rCold    + + .     Gourm    .   S - +3 warlock's mirror {reflect}
rNeg     + + +     Faith    .   Y - +12 plate armour of the Moon Troll {rN+}
rPois    +         Spirit   +   (helmet restricted)
rElec    +         Reflect  +   y - scarf {repulsion}
rCorr    .         Harm     .   K - +2 pair of gloves
MR       +....                  (no boots)
Stlth    ..........             M - amulet of guardian spirit
HPRegen  0.38/turn              r - ring of positive energy
MPRegen  0.21/turn              O - +3 ring of strength

@: protected from cold, very slightly contaminated, repel missiles
A: claws 1, horns 2, thin metallic scales 3, [clumsy 2], cold resistance 1,
[deterioration 2], low mp 1, poison resistance, powered by pain 3, robust 1,
freezing cloud immunity
}: 1/15 runes: gossamer
a: Upheaval, Elemental Force, Disaster Area, Renounce Religion


You were on level 3 of the Elven Halls.
You worshipped Qazlal.
Qazlal was exalted by your worship.
You were very full.

You visited 6 branches of the dungeon, and saw 28 of its levels.
You visited the Abyss 3 times.
You also visited: Bailey and Volcano.

You collected 2453 gold pieces.
You spent 1649 gold pieces at shops.

Inventory:

Hand Weapons
 a - the +7 war axe "Daras" (weapon) {freeze, rN+ Int+2}
   (You bought it in a shop on level 2 of the Orcish Mines)

   It has been specially enchanted to freeze those struck by it, causing extra
   injury to most foes and up to half again as much damage against particularly
   susceptible opponents.
   It can also slow down cold-blooded creatures.
   It affects your intelligence (+2).
   It protects you from negative energy.
Missiles
 G - a tomahawk of returning (quivered)
Armour
 y - a scarf of repulsion (worn)
 K - a +2 pair of gloves (worn)
 S - the +3 warlock's mirror (worn) {reflect}
   (You bought it in a shop on level 4 of the Dungeon)
 Y - the +12 plate armour of the Moon Troll (worn) {rN+}
   (You found it on level 1 of the Elven Halls)

   It protects you from negative energy.
Jewellery
 d - an uncursed ring of ice
 j - an uncursed amulet of faith {unknown}
 q - an uncursed ring of wizardry
 r - a ring of positive energy (left hand)
 u - a -3 ring of intelligence
 H - an uncursed ring of fire
 M - an amulet of guardian spirit (around neck)
 O - a +3 ring of strength (right hand)
 V - an uncursed ring of protection from cold
 X - an uncursed amulet of rage
Wands
 i - a wand of paralysis (23)
 A - a wand of iceblast (23)
 B - a wand of acid (11)
 D - a wand of enslavement (2)
 E - a wand of polymorph (9)
 J - a wand of digging (18)
Scrolls
 e - a scroll of amnesia
 g - 3 scrolls of fear
 h - 8 scrolls of magic mapping
 m - 2 scrolls of fog
 n - 7 scrolls of enchant weapon
 t - 11 scrolls of teleportation
 N - 4 scrolls of enchant armour
 U - a scroll of holy word
 Z - 2 scrolls of remove curse
Potions
 k - 5 potions of flight
 p - 4 potions of cancellation
 w - 3 potions of ambrosia
 x - a potion of berserk rage
 z - a potion of resistance
 C - 2 potions of brilliance
 F - 2 potions of invisibility
 I - 2 potions of magic
 P - 2 potions of agility
 Q - 2 potions of might
 R - a potion of lignification
Books
 s - a book of Transfigurations

   Spells                             Type                      Level
   a - Irradiate                      Conjuration/Transmutation    5
   b - Statue Form                    Transmutation/Earth          6
   c - Hydra Form                     Transmutation                6
   d - Dragon Form                    Transmutation                7
Miscellaneous
 b - a sack of spiders
 c - a lamp of fire
 v - a lightning rod (4/4)
Comestibles
 f - 7 rations


   Skills:
 + Level 15.3 Fighting
 - Level 16.1 Axes
 + Level 15.9 Armour
 + Level 12.3 Dodging
 - Level 0.9 Stealth
 - Level 9.6 Shields
 + Level 18.6 Invocations


You had 18 spell levels left.
You didn't know any spells.

Dungeon Overview and Level Annotations

Branches:
Dungeon (12/15)            Temple (1/1) D:6            Lair (6/6) D:11
 Shoals (0/4) Lair:4       Spider (4/4) Lair:2        Slime (0/5) Lair:5
    Orc (2/2) D:9             Elf (3/3) Orc:2

Altars:
Ashenzari
Cheibriados
Dithmenos
Elyvilon
Fedhas
Gozag
Hepliaklqana
Kikubaaqudgha
Makhleb
Nemelex Xobeh
Okawaru
Qazlal
Ru
Sif Muna
Trog
Uskayaw
Vehumet
Wu Jian
Xom
Yredelemnul
Zin
The Shining One
Jiyva

Shops:
D:4 [(?   D:9 }   Orc:1 }   Orc:2 [:(*   Elf:2 ?

Portals:
Bazaar: Elf:1


Innate Abilities, Weirdness & Mutations

You have a pair of horns on your head.
You are completely covered in thin metallic scales. (AC +4, rElec)
Your flesh is cold resistant. (rC+)
You are powered by pain.
You are robust. (+10% HP)
You are immune to freezing clouds.
You have sharp fingernails.
Your magical capacity is low. (-10% MP)
Your system is resistant to poisons. (rPois)
[You are very clumsy. (Dex -4)]
[Your body often deteriorates upon taking damage.]


Message History

Something smites you!
* * * LOW HITPOINT WARNING * * *
The deep elf demonologist barely misses you.
The deep elf high priest utters a dark prayer and points at you.
You are unaffected.
Okay, then.
Blink to where?
Press: ? - help, Dir - move target cursor You are very lightly contaminated with residual magic.
As you read the scroll of blinking, it crumbles to dust.
The deep elf demonologist gestures wildly while chanting.
The white imp shouts, "Away with thee, thou unhinged pigeon-egg mule!"
The white imp gestures at you.
The puff of frost is repelled.
You see here a short sword.
As you read the scroll of fog, it crumbles to dust.
The scroll dissolves into smoke.
The deep elf annihilator gestures at you while chanting.
The iron shot hits you!
You die...

.# ##.#
#.#.#
##.##.##
#...##.####
#.))ee5ee.#
##§§§..e..#
#§§#####.#
##§@# #
#§§§#
......#§§##
.....##...#
.....
#..#.# ....
#/.##.# ...
#..# #.#
... #.##
#.# ##.####
#.#


You could see a deep elf annihilator and a deep elf demonologist.

Vanquished Creatures
  A bone dragon (Abyss:3)
  Arachne (Spider:3)
  Rupert (Lair:5)
  A tentacled monstrosity (Abyss:2)
  A lich (Abyss:2)
  A quicksilver dragon (Abyss:2)
  5 acid blobs (Lair:5)
  An Executioner (Abyss:2)
  3 tentacled starspawn
  Kirke (Spider:2)
  A draconian monk (Abyss:3)
  Roxanne (Elf:2)
  2 ghost moths
  A draconian shifter (Abyss:3)
  A deep elf sorcerer (Elf:2)
  6 emperor scorpions
  An angel (Abyss:3)
  2 orc warlords
  8 entropy weavers
  A deep elf demonologist (Elf:3)
  A deep elf annihilator (Elf:3)
  3 spark wasps
  A red draconian (Volcano)
  The ghost of tape the Covert, a journeyman OpEn of Sif Muna (Lair:5)
  2 deep elf death magi (Elf:3)
  Harold (Lair:4)
  5 hydras
  3 catoblepae (Lair:6)
  A rakshasa (Abyss:2)
  A centaur warrior (Volcano)
  A queen ant (Spider:3)
  Erica (Lair:1)
  33 dancing weapons
  3 two-headed ogres
  11 death yaks
  8 death scarabs (Spider:4)
  6 orc high priests
  2 thrashing horrors (Abyss:2)
  20 deep elf knights
  10 wretched stars
  A spatial maelstrom (Abyss:2)
  A spectral emperor scorpion (Spider:4)
  2 sixfirhies (Abyss:2)
  An unseen horror (D:10)
  An obsidian statue (Elf:1)
  12 deep elf archers
  A phantasmal warrior (Abyss:2)
  Pikel (D:6)
  7 orc knights
  A wolf spider zombie (Spider:4)
  25 wolf spiders
  5 orc sorcerers (Orc:2)
  3 spectral wolf spiders (Spider:4)
  53 deep elf magi
  3 manticores
  15 orb spiders
  3 worldbinders (Abyss:2)
  2 ugly things (D:11)
  5 moths of wrath
  6 black mambas
  A rust devil (Abyss:3)
  An apocalypse crab (Abyss:2)
  5 torpor snails
  15 spiny frogs
  2 orange demons (Abyss:2)
  2 gargoyles
  Maurice (Orc:1)
  4 smoke demons
  2 rime drakes
  3 kobold demonologists
  5 ancient zymes
  4 spectral redbacks (Spider:4)
  2 efreet (Abyss:2)
  2 komodo dragons (Lair:6)
  A tormentor (Abyss:3)
  A hellwing (Abyss:2)
  17 demonic crawlers
  4 ice devils
  38 jumping spiders
  2 spectral jumping spiders (Spider:4)
  6 hornets
  A red devil (Abyss:2)
  4 trolls
  A queen bee (shapeshifter) (Abyss:2)
  A tarantella zombie (Spider:4)
  8 blink frogs
  Prince Ribbit (D:9)
  3 spectral tarantellas (Spider:4)
  5 dream sheep (Lair:6)
  8 hippogriffs
  12 raiju
  4 slime creatures (D:12)
  An ettin zombie (Abyss:2)
  3 jumping spider zombies (Spider:4)
  Sigmund (D:6)
  39 tarantellas
  100 redbacks
  4 air elementals
  2 water elementals (Elf:2)
  6 hogs (Spider:2)
  A tarantella (shapeshifter) (Elf:1)
  A wraith (D:10)
  35 yaks
  An ettin skeleton (Abyss:3)
  Grum (D:11)
  5 basilisks
  4 wyverns
  4 ynoxinuls (Abyss:2)
  2 fire elementals (Elf:1)
  25 large abominations
  4 chaos spawn
  A black mamba skeleton (Abyss:3)
  3 neqoxecs
  A hungry ghost (Abyss:2)
  6 insubstantial wisps (Abyss:3)
  A spatial vortex (Abyss:2)
  4 wargs
  Menkaure (D:4)
  The ghost of tape the Sneak, an amateur OpEn (D:4)
  5 porcupines
  18 soldier ants (Spider:3)
  7 water moccasins
  A spectral hornet (Spider:4)
  7 small abominations
  18 ice beasts
  A necrophage (D:10)
  40 orc warriors
  2 phantoms
  A hornet zombie (Spider:4)
  2 black bears (D:7)
  15 ogres
  11 centaurs
  16 wolves
  10 crocodiles
  11 bullfrogs
  A big kobold (D:11)
  4 earth elementals
  A water moccasin skeleton (D:7)
  A scorpion (D:12)
  10 killer bees
  8 wights
  6 electric eels
  7 howler monkeys
  9 crimson imps
  6 starcursed masses
  4 quasits
  A centaur zombie (D:8)
  2 bullfrog skeletons
  A bullfrog zombie (D:10)
  2 jellies
  3 hounds
  11 orc priests
  An iron imp (Abyss:3)
  21 orc wizards
  5 iguanas
  23 worker ants
  2 howler monkey skeletons
  8 gnolls
  21 adders
  3 shadow imps
  A white imp (Abyss:3)
  4 worms
  6 dart slugs
  3 leopard geckos
  78 orcs
  10 bats
  2 giant cockroaches (D:1)
  29 goblins
  26 hobgoblins
  14 jackals
  5 quokkas
  7 frilled lizards
  A jackal skeleton (D:6)
  10 kobolds
  A leopard gecko skeleton (D:7)
  A leopard gecko zombie (D:6)
  4 rats
  5 fungi
  A lurking horror (Abyss:3)
  5 plants
  2 starspawn tentacles (Abyss:3)
  2 withered plants (D:8)
1268 creatures vanquished.

Vanquished Creatures (collateral kills)
  A hydra (D:11)
  An ugly thing (D:8)
  A yak (Lair:5)
  A howler monkey (D:7)
  A crimson imp (Abyss:3)
  An adder zombie (D:8)
6 creatures vanquished.

Vanquished Creatures (others)
  2 deep elf knights (Elf:2)
  A deep elf archer (Elf:1)
  A starcursed mass (Abyss:3)
  A demonic crawler (Spider:3)
  A raiju (Abyss:3)
  A centaur (Volcano)
  A bullfrog (D:6)
  A wight (D:6)
  2 crimson imps
  An orc priest (Orc:2)
  A hound zombie (D:6)
  An orc (Elf:2)
  A bush (Lair:5)
  A fungus (Lair:4)
  10 plants
  5 starspawn tentacles (Abyss:2)
31 creatures vanquished.

Grand Total: 1305 creatures vanquished

Notes
Turn   | Place    | Note
-------+----------+-------------------------------------------
     0 | D:1      | NoAnimeNoLife the Demonspawn Fighter began the quest for the Orb.
     0 | D:1      | Reached XP level 1. HP: 18/18 MP: 1/1
   220 | D:1      | Gained mutation: You are partially covered in thin metallic scales. (AC +2) [demonic ancestry]
   220 | D:1      | Reached XP level 2. HP: 13/24 MP: 2/2
  1094 | D:1      | Gained mutation: You sometimes gain a little power by taking damage. [demonic ancestry]
  1094 | D:1      | Reached XP level 3. HP: 25/29 MP: 3/3
  1647 | D:2      | Reached XP level 4. HP: 16/35 MP: 4/4
  2229 | D:2      | Found a bloodstained altar of Trog.
  2230 | D:2      | Found an ornate altar of the Wu Jian Council.
  2232 | D:2      | Found a sacrificial altar of Ru.
  2233 | D:2      | Found a stormy altar of Qazlal.
  2234 | D:2      | Found a white marble altar of Elyvilon.
  2234 | D:2      | Found a hide-covered altar of Uskayaw.
  2235 | D:2      | Found a shimmering altar of Xom.
  2341 | D:2      | Became a worshipper of Qazlal Stormbringer
  2791 | D:3      | Reached XP level 5. HP: 41/41 MP: 5/5
  3482 | D:3      | Reached skill level 5 in Axes
  3511 | D:3      | HP: 2/41 [poisoned by an orc wizard]
  4161 | D:4      | Found Sehaepso's Magic Scroll Emporium.
  4176 | D:4      | Bought a scroll of magic mapping for 35 gold pieces
  4209 | D:4      | Noticed Menkaure
  4220 | D:4      | Killed Menkaure
  4220 | D:4      | Gained mutation: You have a pair of small horns on your head. [demonic ancestry]
  4220 | D:4      | Reached XP level 6. HP: 25/47 MP: 6/6
  4384 | D:4      | Noticed tape's ghost (amateur OpEn)
  4390 | D:4      | Killed tape's ghost
  4453 | D:4      | Found Wiahaeqi's Antique Armour Emporium.
  4467 | D:4      | Bought an encrusted chain mail for 228 gold pieces
  4477 | D:4      | Identified the +4 chain mail "Rura" {rPois Str+6 Int-2} (You bought it in a shop on level 4 of the Dungeon)
  4785 | D:4      | Found Nosmamn's Antique Weapon Shop.
  5108 | D:5      | Entered Level 5 of the Dungeon
  5233 | D:5      | Gained mutation: Your flesh is cold resistant. (rC+) [demonic ancestry]
  5233 | D:5      | Reached XP level 7. HP: 50/52 MP: 7/7
  5440 | D:5      | Found a transporter.
  5444 | D:5      | Noticed a fire bat
  5445 | D:5      | Noticed a fire bat
  5479 | D:5      | Found a glowing silver altar of Zin.
  5479 | D:5      | Found an opulent altar of Gozag.
  5571 | D:5      | Reached * piety under Qazlal
  5835 | D:5      | Found a transporter.
  6868 | D:6      | Noticed Sigmund
  6880 | D:6      | Killed Sigmund
  6926 | D:6      | Found a staircase to the Ecumenical Temple.
  6949 | Temple   | Entered the Ecumenical Temple
  7189 | D:6      | Gained mutation: You have a pair of horns on your head. [demonic ancestry]
  7189 | D:6      | Reached XP level 8. HP: 58/58 MP: 8/8
  7210 | D:6      | Noticed Pikel
  7233 | D:6      | Killed Pikel
  7233 | D:6      | Reached skill level 10 in Axes
  8101 | D:7      | Reached ** piety under Qazlal
  8112 | D:7      | Gained mutation: You are mostly covered in thin metallic scales. (AC +3) [demonic ancestry]
  8112 | D:7      | Reached XP level 9. HP: 47/63 MP: 9/9
  8174 | D:7      | Found a stormy altar of Qazlal.
  8288 | D:7      | Found a hazy altar of Hepliaklqana.
  8665 | D:7      | Reached *** piety under Qazlal
  9109 | D:8      | Reached skill level 1 in Invocations
  9185 | D:8      | Noticed a two-headed ogre
  9189 | D:8      | Noticed a purple ugly thing
  9194 | D:8      | Killed a purple ugly thing
  9194 | D:8      | Reached skill level 2 in Invocations
  9226 | D:8      | Killed a two-headed ogre
  9226 | D:8      | Reached skill level 3 in Invocations
  9226 | D:8      | Reached XP level 10. HP: 41/73 MP: 10/12
  9522 | D:8      | Found an ancient bone altar of Kikubaaqudgha.
  9605 | D:8      | Found a deep blue altar of Sif Muna.
  9978 | D:8      | Found a radiant altar of Vehumet.
  9980 | D:8      | Found a burning altar of Makhleb.
 10127 | D:9      | Noticed Prince Ribbit
 10138 | D:9      | Killed Prince Ribbit
 10168 | D:9      | Noticed a two-headed ogre
 10175 | D:9      | Killed a two-headed ogre
 10175 | D:9      | Reached skill level 5 in Fighting
 10175 | D:9      | Reached skill level 4 in Invocations
 10193 | D:9      | Found Xariunn's Gadget Shoppe.
 10272 | D:9      | Noticed a two-headed ogre
 10278 | D:9      | Killed a two-headed ogre
 10542 | D:9      | Found a staircase to the Orcish Mines.
 10603 | D:9      | Reached skill level 5 in Invocations
 10612 | D:9      | Reached skill level 5 in Armour
 10620 | D:9      | Reached skill level 5 in Shields
 11035 | D:10     | Entered Level 10 of the Dungeon
 11039 | D:10     | Reached **** piety under Qazlal
 11122 | D:10     | Noticed a gargoyle
 11136 | D:10     | Killed a gargoyle
 11291 | D:10     | Reached XP level 11. HP: 81/81 MP: 15/15
 11374 | D:10     | Found a flagged portal.
 11381 | Bailey   | Entered a bailey
 11532 | Bailey   | Reached ***** piety under Qazlal
 11541 | Bailey   | Noticed an orc knight
 11556 | Bailey   | Killed an orc knight
 11556 | Bailey   | Reached skill level 6 in Invocations
 11596 | Bailey   | Noticed an orc knight
 11614 | Bailey   | Killed an orc knight
 11641 | Bailey   | Noticed an orc knight
 11642 | Bailey   | Noticed an orc warlord
 11656 | Bailey   | Killed an orc warlord
 11659 | Bailey   | Killed an orc knight
 12108 | Bailey   | Identified 2 scrolls of acquirement
 12322 | D:10     | Reached skill level 7 in Invocations
 12577 | D:10     | Killed an unseen horror
 12903 | D:11     | Found a glowing golden altar of the Shining One.
 12964 | D:11     | Noticed a death yak
 12982 | D:11     | Killed a death yak
 13008 | D:11     | Noticed a sixfirhy
 13358 | D:11     | Found a staircase to the Lair.
 13362 | D:11     | Noticed a red ugly thing
 13363 | D:11     | Noticed a cyan ugly thing
 13383 | D:11     | Killed a red ugly thing
 13393 | D:11     | Killed a cyan ugly thing
 13393 | D:11     | Gained mutation: You are completely covered in thin metallic scales. (AC +4, rElec) [demonic ancestry]
 13393 | D:11     | Reached XP level 12. HP: 31/91 MP: 8/17
 13679 | D:11     | Noticed a four-headed hydra
 13694 | D:11     | Killed a ten-headed hydra
 14402 | D:12     | Reached skill level 8 in Invocations
 14472 | D:12     | Noticed an eight-headed hydra
 14514 | D:12     | Killed an 11-headed hydra
 15517 | Lair:1   | Entered Level 1 of the Lair of Beasts
 15517 | Lair:1   | Noticed Erica
 15517 | Lair:1   | Noticed Grum
 15529 | D:11     | Killed Grum
 15604 | Lair:1   | Killed Erica
 15615 | D:11     | Reached skill level 9 in Invocations
 17046 | Lair:2   | Noticed a seven-headed hydra
 17093 | Lair:2   | Killed a seven-headed hydra
 17316 | Lair:2   | Found a hole to the Spider Nest.
 17775 | Lair:3   | Reached XP level 13. HP: 79/99 MP: 18/20
 17858 | Lair:3   | Got a steaming war axe
 17859 | Lair:3   | Identified the +1 war axe of Byrus {freeze, rN+} (You found it on level 3 of the Lair of Beasts)
 17986 | Lair:3   | Reached skill level 1 in Dodging
 18801 | Lair:4   | Noticed Harold
 18816 | Lair:4   | Killed Harold
 18834 | Lair:4   | Reached skill level 10 in Invocations
 18847 | Lair:4   | Found a dark tunnel.
 19042 | Volcano  | Entered a volcano
 19082 | Volcano  | Noticed a red draconian
 19089 | Volcano  | Found a radiant altar of Vehumet.
 19107 | Volcano  | Killed a red draconian
 19310 | Lair:4   | Found a staircase to the Shoals.
 19543 | Lair:4   | Gained mutation: Your mind is acute. (Int +2) [potion of mutation]
 19543 | Lair:4   | Gained mutation: You are frail. (-10% HP) [potion of mutation]
 19543 | Lair:4   | Lost mutation: You are frail. (-10% HP) [potion of mutation]
 19873 | Lair:5   | Noticed Rupert
 19887 | Lair:5   | Killed Rupert
 19895 | Lair:5   | Noticed tape's ghost (journeyman OpEn)
 19927 | Lair:5   | Killed tape's ghost
 19973 | Lair:4   | Reached skill level 15 in Axes
 21234 | Lair:5   | Found a runed door.
 21242 | Lair:5   | Found a viscous altar of Jiyva.
 21242 | Lair:5   | Noticed an acid blob
 21242 | Lair:5   | Noticed an acid blob
 21243 | Lair:5   | Noticed an acid blob
 21244 | Lair:5   | Noticed an acid blob
 21244 | Lair:5   | Found a staircase to the Slime Pits.
 21244 | Lair:5   | Noticed an acid blob
 21534 | Lair:6   | Entered Level 6 of the Lair of Beasts
 21557 | Lair:6   | Gained mutation: You sometimes gain power by taking damage. [demonic ancestry]
 21557 | Lair:6   | Reached XP level 14. HP: 67/108 MP: 15/22
 21870 | Lair:6   | Reached skill level 11 in Invocations
 23196 | Lair:5   | Killed an acid blob
 23196 | Lair:5   | Reached skill level 10 in Fighting
 23196 | Lair:5   | Killed an acid blob
 23198 | Lair:5   | Killed an acid blob
 23198 | Lair:5   | Killed an acid blob
 23198 | Lair:5   | Reached skill level 5 in Dodging
 23198 | Lair:5   | Killed an acid blob
 23587 | Spider:1 | Entered Level 1 of the Spider Nest
 23602 | Spider:1 | Noticed an emperor scorpion
 23624 | Spider:1 | Reached skill level 12 in Invocations
 23627 | Spider:1 | Killed an emperor scorpion
 23684 | Spider:1 | Reached skill level 10 in Armour
 23701 | Spider:1 | Gained mutation: You are robust. (+10% HP) [demonic ancestry]
 23701 | Spider:1 | Reached XP level 15. HP: 55/127 MP: 20/24
 25421 | D:4      | Bought the +3 warlock's mirror {reflect} for 960 gold pieces
 25421 | D:4      | Found the +3 warlock's mirror {reflect}
 25421 | D:4      | Bought a glowing shield for 180 gold pieces
 26335 | Spider:2 | Noticed Kirke
 26354 | Spider:2 | Killed Kirke
 26354 | Spider:2 | Reached skill level 13 in Invocations
 26712 | Spider:2 | Killed a ghost moth
 27956 | Spider:3 | Noticed Arachne
 28358 | Spider:3 | Killed Arachne
 28383 | Spider:3 | Reached XP level 16. HP: 63/138 MP: 16/26
 28979 | Spider:3 | Reached skill level 14 in Invocations
 30315 | Spider:4 | Entered Level 4 of the Spider Nest
 31521 | Spider:4 | Reached ****** piety under Qazlal
 31621 | Spider:4 | Reached skill level 15 in Invocations
 32105 | Spider:4 | Gained mutation: You are immune to freezing clouds. [demonic ancestry]
 32105 | Spider:4 | Reached XP level 17. HP: 89/148 MP: 18/28
 32446 | Spider:4 | Got a gossamer rune of Zot
 32814 | Lair:6   | Got a shimmering chain mail
 32815 | Lair:6   | Identified the +1 chain mail of the Curious Stories {rPois rF+ Dex-2 Slay+2} (You found it on level 6 of the Lair of Beasts)
 33057 | Orc:1    | Entered Level 1 of the Orcish Mines
 33057 | Orc:1    | Found Ucurrof's Gadget Boutique.
 33057 | Orc:1    | Noticed Maurice
 33063 | Orc:1    | Killed Maurice
 33287 | Orc:2    | Entered Level 2 of the Orcish Mines
 33303 | Orc:2    | Gained mutation: [Your body sometimes deteriorates upon taking damage.] [a neqoxec]
 34105 | Orc:2    | Found Emniklos's Antique Armour Shoppe.
 34245 | Orc:2    | Found a staircase to the Elven Halls.
 34252 | Orc:2    | Found Idub's Book Boutique.
 34392 | Orc:2    | Found Riasatt's General Store.
 34522 | Orc:2    | Found Pimmudaeb's Antique Weapon Boutique.
 34531 | Orc:2    | Bought a bloodstained war axe for 246 gold pieces
 34531 | Orc:2    | Identified the +7 war axe "Daras" {freeze, rN+ Int+2} (You bought it in a shop on level 2 of the Orcish Mines)
 34713 | Elf:1    | Entered Level 1 of the Elven Halls
 34734 | Elf:1    | Reached skill level 16 in Invocations
 34753 | Elf:1    | Reached skill level 10 in Dodging
 36053 | Elf:1    | Got a faintly glowing plate armour
 36065 | Elf:1    | Identified the +12 plate armour of the Moon Troll {rN+} (You found it on level 1 of the Elven Halls)
 36168 | Elf:1    | Found a gateway to a bazaar.
 36657 | Elf:2    | Cast into level 2 of the Abyss (a deep elf sorcerer)
 36838 | Abyss:2  | Noticed a quicksilver dragon
 36851 | Abyss:2  | Killed a quicksilver dragon
 36905 | Abyss:2  | Reached XP level 18. HP: 114/159 MP: 24/30
 36918 | Abyss:2  | Noticed a lich
 36934 | Abyss:2  | Reached skill level 15 in Armour
 36940 | Abyss:2  | Killed a lich
 36940 | Abyss:2  | Reached skill level 17 in Invocations
 37007 | Abyss:2  | Noticed a tentacled monstrosity
 37026 | Abyss:2  | Killed a tentacled monstrosity
 37030 | Elf:2    | Escaped the Abyss
 37079 | Elf:2    | Cast into level 2 of the Abyss (battleaxe of distortion)
 37668 | Abyss:2  | Noticed a bone dragon
 37669 | Elf:2    | Escaped the Abyss
 37682 | Elf:1    | HP: 4/161 [battleaxe of distortion (15)]
 38411 | Elf:2    | Lost mutation: [Your body sometimes deteriorates upon taking damage.] [potion of mutation]
 38411 | Elf:2    | Lost mutation: Your mind is acute. (Int +2) [potion of mutation]
 38411 | Elf:2    | Gained mutation: You have sharp fingernails. [potion of mutation]
 38411 | Elf:2    | Gained mutation: Your magical capacity is low. (-10% MP) [potion of mutation]
 38411 | Elf:2    | Gained mutation: Your system is resistant to poisons. (rPois) [potion of mutation]
 38507 | Elf:2    | Found Suacrah's Magic Scroll Emporium.
 38653 | Elf:2    | Found a runed door.
 38683 | Elf:2    | Found a runed door.
 38758 | Elf:2    | Noticed Roxanne
 39007 | Elf:2    | Killed Roxanne
 39324 | Elf:2    | Reached skill level 18 in Invocations
 39904 | Elf:2    | Reached skill level 15 in Fighting
 39904 | Elf:2    | Gained mutation: You are powered by pain. [demonic ancestry]
 39904 | Elf:2    | Reached XP level 19. HP: 97/170 MP: 19/28
 40600 | Elf:3    | Entered Level 3 of the Elven Halls
 40733 | Elf:3    | Cast into level 3 of the Abyss (a deep elf demonologist)
 40946 | Abyss:3  | Noticed a bone dragon
 40969 | Abyss:3  | Killed a bone dragon
 41042 | Elf:3    | Escaped the Abyss
 41042 | Elf:3    | HP: 1/170 [deep elf high priest/divine providence (10)]
 41045 | Elf:3    | Killed from afar by a deep elf annihilator

Skill      XL: |  1  2  3  4  5  6  7  8  9 10 11 12 13 14 15 16 17 18 |
---------------+-------------------------------------------------------+-----
Axes           | 2 3 4 6 8 10 11 12 13 14 15 16 | 16.1
Armour         | 4 5 6 7 8 10 12 14 15 | 15.9
Shields        | 4 5 6 7 8 9 |  9.6
Invocations    | 3 5 7 9 10 12 13 15 16 18 | 18.6
Fighting       | 4 5 7 8 9 10 11 12 13 15 | 15.3
Dodging        | 3 5 7 9 10 12 | 12.3
Stealth        | |  0.9

Action                   |  1- 3 |  4- 6 |  7- 9 | 10-12 | 13-15 | 16-18 | 19-21 || total
-------------------------+-------+-------+-------+-------+-------+-------+-------++-------
Melee: War axe           |   144 |   183 |   143 |   314 |   697 |  1435 |   210 ||  3126
       Headbutt          |       |     8 |    76 |   152 |   210 |   366 |    54 ||   866
       Hand axe          |       |       |   148 |   315 |       |       |       ||   463
Throw: Tomahawk          |       |       |       |     1 |     1 |       |       ||     2
Invok: Upheaval          |       |       |       |     3 |    18 |       |       ||    21
       Disaster Area     |       |       |       |     3 |     2 |     2 |     3 ||    10
       Elemental Force   |       |       |       |     2 |     1 |       |     1 ||     4
Evoke: Wand              |       |       |     2 |     8 |     8 |     3 |       ||    21
       Sack of spiders   |       |       |       |     2 |     1 |       |       ||     3
       Box of beasts     |       |       |       |     2 |       |       |       ||     2
       Lamp of fire      |       |       |       |       |       |     1 |       ||     1
  Use: Potion            |     1 |     4 |     4 |    10 |     4 |    11 |     4 ||    38
       Scroll            |       |    10 |     4 |    14 |    10 |     6 |     2 ||    46
 Stab: Invisible         |       |       |       |     7 |       |     2 |       ||     9
       Distracted        |       |       |       |     1 |     1 |       |       ||     2
       Petrifying        |       |       |       |       |     1 |       |       ||     1
       Petrified         |       |       |       |       |     1 |       |       ||     1
       Paralysed         |       |       |       |       |       |     2 |       ||     2
  Eat: Ration            |     1 |     3 |     4 |     9 |     9 |    11 |     3 ||    40
       Chunk             |       |     3 |     1 |     1 |       |       |       ||     5
Armor: Scale mail        |    99 |    21 |       |       |       |       |       ||   120
       Plate armour      |       |    92 |       |   265 |    22 |   317 |    82 ||   778
       Chain mail        |       |     8 |   150 |    60 |   400 |   316 |       ||   934
       Skin              |       |       |       |       |       |     2 |       ||     2
Dodge: Dodged            |    51 |    20 |    52 |    91 |   298 |   598 |    62 ||  1172
       Deflected         |       |       |       |     6 |    12 |    28 |     3 ||    49
Block: Shield            |    71 |    82 |   120 |   488 |   472 |       |       ||  1233
       Buckler           |       |       |       |       |   227 |  1271 |   150 ||  1648
       Reflection        |       |       |       |       |     4 |   109 |    11 ||   124
